[Event "Titled Tuesday Blitz May 31 Early 2022"]
[White "Bortnyk, Olexandr"]
[Black "Gokerkan, Cem Kaan"]
[WhiteFideId "14120828"]
[BlackFideId "6336760"]
[WhiteElo "2723"]
[BlackElo "2382"]
[Result "1-0"]
[Round "03"]
[TimeControl "180+1"]
[Date "2022.05.31"]
[WhiteClock "0:00:36"]
[BlackClock "0:00:05"]

1. d4 Nf6 2. Nc3 d5 3. Bf4 e6 4. Nb5 Na6 5. e3 Be7 6. Nf3 O-O 7. Ne5 c6 8. Nc3 Nb8 9. Bd3 c5 10. Qf3 Nc6 11. dxc5 Nxe5 12. Bxe5 Nd7 13. Bd6 Nxc5 14. Bxc5 Bxc5 15. O-O Bd7 16. e4 d4 17. Ne2 e5 18. Qg3 Re8 19. f4 exf4 20. Qxf4 Qe7 21. e5 Bc6 22. Ng3 Qxe5 23. Qxf7+ Kh8 24. Rf5 Qe3+ 25. Kh1 Re5 26. Rh5 h6 27. Qg6 Kg8 28. Rf1 1-0


[Site "https://www.chess.com"]

[Event "Titled Tuesday Blitz May 31 Early 2022"]
[White "Buchenau, Frank"]
[Black "Lucas, Arthur"]
[WhiteFideId "4604350"]
[BlackFideId "26093073"]
[WhiteElo "2157"]
[BlackElo "2129"]
[Result "1-0"]
[Round "03"]
[TimeControl "180+1"]
[Date "2022.06.01"]
[WhiteClock "0:00:14"]
[BlackClock "0:00:02"]

1. e4 Nc6 2. Nf3 d6 3. d4 Nf6 4. Nc3 g6 5. Bb5 a6 6. Bxc6+ bxc6 7. O-O Bg7 8. h3 O-O 9. Re1 e6 10. Be3 Bb7 11. Qd2 c5 12. d5 Re8 13. Bg5 exd5 14. Nxd5 Bxd5 15. exd5 Qd7 16. c4 Ne4 17. Qc2 Qf5 18. Be3 Rab8 19. Rab1 Ng3 20. Qa4 Ne2+ 21. Kf1 Qd3 22. Rbd1 Nc3+ 23. Rxd3 Nxa4 24. b3 Nc3 25. Rd2 a5 26. Rc2 a4 27. Nd2 axb3 28. axb3 Ne4 29. Nxe4 Rxe4 30. Rb1 f5 31. Bd2 Rd4 32. Bc3 Rd3 33. Bxg7 Kxg7 34. Rcb2 Rb4 35. Ke2 Rd4 36. Ke3 Kf6 37. f4 Re4+ 38. Kf3 Rd4 39. Ke3 h6 40. h4 g5 41. hxg5+ hxg5 42. fxg5+ Kxg5 43. Kf3 Rf4+ 44. Ke3 Re4+ 45. Kf3 Rf4+ 46. Ke3 Rg4 47. Kf3 f4 48. Re1 Rg3+ 49. Kf2 Rbxb3 50. Rxb3 Rxb3 51. Re7 Rb2+ 52. Kf3 Rb3+ 53. Kf2 Rb7 54. Kf3 Kf5 55. Rf7+ Ke5 56. Rxf4 Rb3+ 57. Kg4 Rb2 58. g3 Rc2 59. Kg5 Rg2 60. g4 Rg1 61. Rf7 Kd4 62. Rxc7 Kxc4 63. Kf5 Kxd5 64. g5 c4 65. g6 Rf1+ 66. Kg5 Kd4 67. g7 d5 68. Rc6 Rg1+ 69. Kf6 Rxg7 70. Kxg7 Kd3 71. Kf6 d4 72. Ke5 c3 73. Rd6 c2 74. Rxd4+ Kc3 75. Rd5 1-0


[Site "https://www.chess.com"]

[Event "Titled Tuesday Blitz May 31 Early 2022"]
[White "Chigaev, Maksim"]
[Black "Atakhan, Abtin"]
[WhiteFideId "4108116"]
[BlackFideId "22502203"]
[WhiteElo "2457"]
[BlackElo "2094"]
[Result "1-0"]
[Round "03"]
[TimeControl "180+1"]
[Date "2022.05.31"]
[WhiteClock "0:00:06"]
[BlackClock "0:00:03"]

1. d4 Nf6 2. c4 c6 3. Nf3 d5 4. Nbd2 Bf5 5. Nh4 Be4 6. e3 e6 7. Be2 h6 8. Nxe4 dxe4 9. g3 c5 10. O-O Nc6 11. dxc5 Qxd1 12. Rxd1 Bxc5 13. Ng2 Ke7 14. a3 a5 15. Bd2 Bd6 16. Ne1 Be5 17. Nc2 Rhd8 18. Rab1 a4 19. Kf1 Nd7 20. Bb4+ Ke8 21. Nd4 Nxb4 22. axb4 Nb8 23. c5 Ke7 24. Bb5 Na6 25. Bxa6 Rxa6 26. Ra1 Rd5 27. Ke2 Kd7 28. b5 Ra5 29. b4 Ra8 30. Ra3 Bxd4 31. Rxd4 Rxd4 32. exd4 f5 33. Kd2 g5 34. Kc3 Kc7 35. Kc4 h5 36. b6+ Kd7 37. d5 e5 38. b5 f4 39. d6 Kc8 40. c6 e3 41. fxe3 fxe3 42. Rxe3 a3 43. d7+ Kd8 44. Rxe5 Ra4+ 45. Kc5 1-0


[Site "https://www.chess.com"]

[Event "Titled Tuesday Blitz May 31 Early 2022"]
[White "Csonka, Balazs"]
[Black "Sjugirov, Sanan"]
[WhiteFideId "742910"]
[BlackFideId "4189302"]
[WhiteElo "2404"]
[BlackElo "2602"]
[Result "1/2-1/2"]
[Round "03"]
[TimeControl "180+1"]
[Date "2022.05.31"]
[WhiteClock "0:00:02"]
[BlackClock "0:00:08"]

1. d4 g6 2. c4 Bg7 3. e4 d6 4. Nc3 c5 5. d5 Bxc3+ 6. bxc3 e5 7. dxe6 Bxe6 8. Bf4 Qf6 9. Ne2 Bxc4 10. Qxd6 Nd7 11. Qxf6 Ngxf6 12. f3 O-O-O 13. Be3 Ne5 14. Nf4 b6 15. Kf2 Bxf1 16. Rhxf1 Nd3+ 17. Nxd3 Rxd3 18. Rac1 Kb7 19. Ke2 Rd7 20. Rfd1 Kc6 21. Bg5 Nh5 22. Rxd7 Kxd7 23. g4 Ng7 24. Rd1+ Ke6 25. Bf4 Rc8 26. h4 Ne8 27. Ke3 f6 28. h5 g5 29. Bg3 h6 30. Rd2 b5 31. Rd1 a5 32. a3 b4 33. axb4 cxb4 34. cxb4 axb4 35. Rb1 Rc3+ 36. Ke2 b3 37. Be1 Rc2+ 38. Kd3 Rg2 39. Rxb3 Nc7 40. Rb6+ Kd7 41. Rxf6 Ne6 42. Rxh6 Nf4+ 43. Kd4 Re2 44. Bb4 Rf2 45. Rd6+ Ke8 46. h6 Rxf3 47. h7 Rh3 48. Ra6 Rxh7 49. Ra8+ Kf7 50. Ra7+ Kg6 51. Rxh7 Kxh7 52. Ke5 Kg6 53. Bd2 Nd3+ 54. Kd6 Nf2 55. Kd5 Nxg4 56. e5 Kf5 57. Bxg5 Nxe5 1/2-1/2


[Site "https://www.chess.com"]

[Event "Titled Tuesday Blitz May 31 Early 2022"]
[White "Daneshvar, Bardiya"]
[Black "Girsh, Daniel"]
[WhiteFideId "12576468"]
[BlackFideId "30949190"]
[WhiteElo "2330"]
[BlackElo "2449"]
[Result "1/2-1/2"]
[Round "03"]
[TimeControl "180+1"]
[Date "2022.05.31"]
[WhiteClock "0:01:02"]
[BlackClock "0:00:15"]

1. b3 e5 2. Bb2 Nc6 3. c4 Nf6 4. Nf3 e4 5. Nd4 Bc5 6. Nf5 O-O 7. Nc3 d5 8. cxd5 Bxf5 9. dxc6 bxc6 10. e3 Qe7 11. Na4 Bb4 12. a3 Bd6 13. Qc2 Ng4 14. Be2 Qh4 15. g3 Qh3 16. Bf1 Qh6 17. h3 Ne5 18. Bxe5 Bxe5 19. Rc1 Rad8 20. Bg2 Qg6 21. O-O h5 22. Nc5 h4 23. g4 Bxg4 24. hxg4 Qxg4 25. Qxe4 Qh5 26. d4 h3 27. Qxe5 Qg6 28. Qg3 hxg2 29. Kxg2 Qf5 30. Rh1 Rd6 31. Qf4 Rg6+ 32. Kf1 Qc8 33. Ke2 f6 34. Rcg1 Rxg1 35. Rxg1 Qb8 36. Qg4 Rf7 37. Qe6 Qb5+ 38. Qc4 Qa5 39. a4 Kf8 40. Rh1 Kg8 41. Nd7 Qf5 42. Rh8+ Kxh8 43. Qxf7 Qc2+ 44. Kf3 Qf5+ 45. Kg3 Qg5+ 46. Kh3 Qf5+ 47. Kg3 Qg5+ 48. Kf3 Qf5+ 49. Ke2 Qc2+ 50. Kf1 Qd1+ 51. Kg2 Qg4+ 52. Kh2 Qh4+ 53. Kg1 Qg4+ 54. Kh1 Qh4+ 55. Kg2 Qg4+ 56. Kf1 Qd1+ 57. Kg2 Qg4+ 1/2-1/2


[Site "https://www.chess.com"]

[Event "Titled Tuesday Blitz May 31 Early 2022"]
[White "Darini, Pouria"]
[Black "Demchenko, Anton"]
[WhiteFideId "12502200"]
[BlackFideId "4160258"]
[WhiteElo "2483"]
[BlackElo "2539"]
[Result "1-0"]
[Round "03"]
[TimeControl "180+1"]
[Date "2022.05.31"]
[WhiteClock "0:00:18"]
[BlackClock "0:00:02"]

1. d4 Nf6 2. Bg5 g6 3. Bxf6 exf6 4. e3 d5 5. c4 dxc4 6. Bxc4 Bd6 7. Nc3 c6 8. Nf3 Nd7 9. O-O O-O 10. a3 Qe7 11. Re1 f5 12. e4 fxe4 13. Nxe4 Nf6 14. Neg5 Qd8 15. Ne5 Nd5 16. Ne4 Be7 17. Qf3 Be6 18. Rad1 Qc8 19. h3 Nc7 20. Bd3 Bd5 21. Nf6+ Bxf6 22. Qxf6 Qd8 23. Qf4 Ne6 24. Qh6 Qg5 25. Qxg5 Nxg5 26. Nd7 Rfd8 27. Nf6+ Kg7 28. Nxd5 Rxd5 29. Bc4 Rd7 30. h4 Ne6 31. Bxe6 fxe6 32. Rxe6 Rad8 33. Re4 c5 34. d5 Kf8 35. Re5 Re7 36. f4 b6 37. Kf2 Rde8 38. d6 Rd7 39. Kf3 Red8 40. Red5 Kf7 41. g4 Re8 42. h5 Re6 43. hxg6+ hxg6 44. a4 Re8 45. Re5 Rh8 46. Kg3 Rhd8 47. Red5 Re8 48. R1d3 Re1 49. Re5 Rg1+ 50. Kf3 Rb1 51. b3 Ra1 52. Ke4 c4 53. bxc4 Rxa4 54. Kd5 Ra5+ 55. Kc6 Rd8 56. Kc7 Rh8 57. Rxa5 bxa5 58. d7 1-0


[Site "https://www.chess.com"]

[Event "Titled Tuesday Blitz May 31 Early 2022"]
[White "Djokic, Mihailo"]
[Black "Tymrakiewicz, Rafal"]
[WhiteFideId "976440"]
[BlackFideId "1108832"]
[WhiteElo "2202"]
[BlackElo "2205"]
[Result "0-1"]
[Round "03"]
[TimeControl "180+1"]
[Date "2022.06.01"]
[WhiteClock "0:00:02"]
[BlackClock "0:00:01"]

1. e4 Nf6 2. e5 Nd5 3. c4 Nb6 4. d4 d6 5. exd6 cxd6 6. Nc3 g6 7. Be3 Bg7 8. Rc1 O-O 9. b3 Bf5 10. d5 e6 11. dxe6 Bxe6 12. Nf3 d5 13. c5 Nc8 14. Be2 Nc6 15. O-O N8e7 16. Nb5 Nf5 17. Bg5 Qd7 18. Bf4 Rfd8 19. Re1 Bf8 20. Ne5 Nxe5 21. Bxe5 a6 22. Nd4 Nxd4 23. Qxd4 Rac8 24. b4 Qa4 25. Qf4 Bg7 26. Bxg7 Kxg7 27. h4 Qxa2 28. h5 Qb2 29. Bf3 Kg8 30. h6 Re8 31. Re5 f6 32. Rce1 fxe5 33. Qf6 Rc7 34. Rxe5 Rf7 35. Qg5 Rf5 36. Rxf5 Qb1+ 37. Kh2 Qxf5 38. Qd2 Bf7 39. Kg1 Qe5 40. Qc2 Qe1+ 41. Kh2 Qe5+ 42. g3 Re7 43. c6 bxc6 44. Qxc6 Re8 45. Qxa6 Qf5 46. Kg2 d4 47. b5 Bd5 48. Bxd5+ Qxd5+ 49. Kh2 Qf7 50. Kg2 Rb8 51. Qd6 Qb7+ 52. Kh2 Rf8 53. Qe6+ Qf7 54. Qe5 Qxf2+ 55. Kh1 Qf1+ 56. Kh2 Qf2+ 57. Kh3 Qf6 58. Qd5+ Kh8 59. Qc4 g5 60. b6 Qxh6+ 61. Kg2 Qf6 62. b7 Qf3+ 63. Kh2 Qf2+ 64. Kh3 Qf3 65. Qxd4+ Kg8 66. Qc4+ Kg7 67. Qd4+ Kg6 68. Qd6+ Kh5 69. Qxf8 Qh1# 0-1


[Site "https://www.chess.com"]

[Event "Titled Tuesday Blitz May 31 Early 2022"]
[White "Donchenko, Alexander"]
[Black "Fantinel, Thibault"]
[WhiteFideId "24603295"]
[BlackFideId "663395"]
[WhiteElo "2572"]
[BlackElo "2349"]
[Result "0-1"]
[Round "03"]
[TimeControl "180+1"]
[Date "2022.05.31"]
[WhiteClock "0:01:42"]
[BlackClock "0:00:30"]

1. d4 Nf6 2. c4 b6 3. Nf3 Bb7 4. g3 g6 5. Bg2 Bg7 6. O-O O-O 7. d5 Na6 8. Nc3 Nc5 9. Nd4 a5 10. e4 e5 11. Nb3 d6 12. Nxc5 bxc5 13. a3 Nd7 14. Rb1 f5 15. exf5 gxf5 16. b4 axb4 17. axb4 e4 18. Ne2 cxb4 19. Rxb4 Bc8 20. Nf4 Ne5 21. Bb2 Qe7 22. Qb3 Bh6 23. Ra1 Bd7 24. Rxa8 Rxa8 25. Rb8+ Rxb8 26. Qxb8+ Kf7 27. Qxc7 Bxf4 28. gxf4 Nd3 29. Ba3 e3 30. Bf1 exf2+ 31. Kg2 Qe4+ 32. Kg3 Qe3+ 33. Kg2 Nxf4+ 0-1


[Site "https://www.chess.com"]

[Event "Titled Tuesday Blitz May 31 Early 2022"]
[White "Gallo Garcia, Kemel Antonio"]
[Black "Salinas Herrera, Pablo"]
[WhiteFideId "3523896"]
[BlackFideId "3407128"]
[WhiteElo "2359"]
[BlackElo "2541"]
[Result "1-0"]
[Round "03"]
[TimeControl "180+1"]
[Date "2022.06.01"]
[WhiteClock "0:00:07"]
[BlackClock "0:00:06"]

1. e4 c5 2. Nf3 e6 3. d4 cxd4 4. Bg5 f6 5. Bf4 Nc6 6. Nbd2 a6 7. Be2 Nge7 8. O-O Ng6 9. Bg3 d5 10. exd5 Qxd5 11. Nb3 e5 12. c3 Be7 13. Rc1 d3 14. Qxd3 Qxd3 15. Bxd3 Be6 16. Rfe1 Kf7 17. Rcd1 Rad8 18. Be4 h5 19. h4 Rxd1 20. Rxd1 Rd8 21. Rxd8 Nxd8 22. Bc2 Nc6 23. Kf1 f5 24. Ng5+ Bxg5 25. hxg5 f4 26. Bh2 Nge7 27. Nc5 Bc8 28. g3 f3 29. Be4 b6 30. Nd3 Bg4 31. Ne1 Nd8 32. Nxf3 Ke6 33. Nd2 Nf7 34. f4 Bf5 35. Bb7 a5 36. Nc4 Bd3+ 37. Kf2 Bxc4 38. b3 Bd5 39. Ba6 Nf5 40. Bc8+ Kd6 41. Bxf5 Be6 42. Bg6 Nd8 43. Bxh5 Nc6 44. Bf3 Bd5 45. Bxd5 Kxd5 46. Ke3 e4 47. c4+ Ke6 48. Kxe4 Nb4 49. a3 Nc2 50. Bg1 Nxa3 51. Bxb6 a4 52. bxa4 Nxc4 53. a5 Nd6+ 54. Kf3 Kd5 55. a6 Kc6 56. a7 Kb7 57. Bd4 Nf5 58. Bf2 g6 59. g4 Ne7 60. Ke4 Nc8 61. f5 Nd6+ 62. Ke5 Nc4+ 63. Kf6 Nd6 64. Kxg6 Ne4 65. Bd4 Nd6 66. f6 Nc8 67. Bc5 Kc6 68. f7 Kxc5 69. f8=Q+ 1-0


[Site "https://www.chess.com"]

[Event "Titled Tuesday Blitz May 31 Early 2022"]
[White "Girinath, P.D.S."]
[Black "Fedoseev, Vladimir"]
[WhiteFideId "5000572"]
[BlackFideId "24130737"]
[WhiteElo "2369"]
[BlackElo "2726"]
[Result "0-1"]
[Round "03"]
[TimeControl "180+1"]
[Date "2022.05.31"]
[WhiteClock "0:00:03"]
[BlackClock "0:00:51"]

1. e4 c6 2. Nc3 d5 3. Nf3 Bg4 4. h3 Bxf3 5. Qxf3 e6 6. Be2 Bc5 7. O-O Ne7 8. d3 O-O 9. Rd1 Bd4 10. Nb1 f5 11. exd5 exd5 12. c3 Bb6 13. d4 Nd7 14. c4 Nf6 15. Nc3 Ne4 16. Bf4 Qd7 17. Qe3 Rae8 18. c5 Bc7 19. Nxe4 fxe4 20. Bg4 Qd8 21. Bxc7 Qxc7 22. Qg3 Qxg3 23. fxg3 Nf5 24. Bxf5 Rxf5 25. Rf1 Rxf1+ 26. Kxf1 h5 27. Ke2 Re6 28. b4 Rg6 29. Kf2 Kf7 30. a4 Ke6 31. b5 Kd7 32. Rb1 Kc7 33. b6+ axb6 34. Rxb6 Rf6+ 35. Ke2 Rf8 36. Rb4 Ra8 37. Ke3 Ra6 38. Kf4 b6 39. Kg5 bxc5 40. dxc5 Ra5 41. Kxh5 Rxc5 42. Kg4 Rc2 43. a5 Ra2 44. h4 Rxa5 45. h5 c5 46. Rb1 d4 47. Kg5 e3 48. Kg6 e2 49. Kxg7 d3 50. h6 d2 51. h7 e1=Q 52. Rxe1 dxe1=Q 53. h8=Q Qc3+ 0-1


[Site "https://www.chess.com"]

[Event "Titled Tuesday Blitz May 31 Early 2022"]
[White "Gong, Patrick"]
[Black "Pranav, V"]
[WhiteFideId "3222500"]
[BlackFideId "25060783"]
[WhiteElo "2103"]
[BlackElo "2349"]
[Result "0-1"]
[Round "03"]
[TimeControl "180+1"]
[Date "2022.05.31"]
[WhiteClock "0:00:16"]
[BlackClock "0:00:19"]

1. Nf3 Nf6 2. g3 d5 3. Bg2 c6 4. c4 g6 5. b3 Bg7 6. Bb2 O-O 7. O-O Bg4 8. d3 Bxf3 9. Bxf3 Re8 10. Nd2 e5 11. e4 dxe4 12. Nxe4 Nxe4 13. dxe4 Qe7 14. Qc1 Nd7 15. Ba3 Qe6 16. Rd1 Bf8 17. Bxf8 Nxf8 18. c5 Qe7 19. Bg4 Rad8 20. Qc3 Qf6 21. Qa5 a6 22. Qc7 h5 23. Bh3 Rxd1+ 24. Rxd1 Qf3 25. Re1 Qc3 26. Re3 Qxc5 27. Qxb7 a5 28. Bf1 Re7 29. Qc8 Kg7 30. Bc4 Nd7 31. Rc3 Nf6 32. Re3 a4 33. Kg2 a3 34. h3 Ne8 35. Qd8 Nf6 36. Qc8 Qb6 37. Qa6 Qxa6 38. Bxa6 Rd7 39. b4 Rd2 40. Bc4 Rb2 41. Rxa3 Nxe4 42. Rf3 f5 43. a3 Kf6 44. Rb3 Rxf2+ 45. Kg1 Ra2 46. Bf1 Nd2 47. Rd3 e4 48. Rd6+ Ke5 49. Rd8 Nf3+ 0-1


[Site "https://www.chess.com"]

[Event "Titled Tuesday Blitz May 31 Early 2022"]
[White "Dronavalli, Harika"]
[Black "Bacrot, Etienne"]
[WhiteFideId "5015197"]
[BlackFideId "605506"]
[WhiteElo "2382"]
[BlackElo "2673"]
[Result "1-0"]
[Round "03"]
[TimeControl "180+1"]
[Date "2022.05.31"]
[WhiteClock "0:01:06"]
[BlackClock "0:00:09"]

1. e4 c5 2. c3 d5 3. exd5 Qxd5 4. Nf3 Nf6 5. d4 e6 6. Na3 a6 7. Nc4 Nbd7 8. Be2 cxd4 9. Qxd4 Bc5 10. Qxd5 Nxd5 11. a4 b6 12. O-O Bb7 13. Rd1 O-O 14. Nfe5 Nxe5 15. Nxe5 Rfd8 16. Bf3 Ne7 17. Bf4 Bxf3 18. Nxf3 Nd5 19. Be5 f6 20. Bd4 Kf7 21. a5 e5 22. Bxc5 bxc5 23. Nd2 Nf4 24. Nc4 Nd3 25. f3 Ke6 26. Rd2 f5 27. Rad1 e4 28. fxe4 fxe4 29. Re2 Kf5 30. Rf1+ Kg5 31. Rxe4 Ra7 32. h4+ Kg6 33. Ne5+ Nxe5 34. Rxe5 Rb8 35. Rg5+ Kh6 36. Rf2 Rb5 37. b4 Rc7 38. Re2 cxb4 39. Rxb5 axb5 40. cxb4 Rc4 41. Rb2 Rc6 42. Ra2 Ra6 43. Kh2 Kh5 44. Kg3 g5 45. hxg5 Kxg5 46. Rc2 Kf6 47. Rc5 1-0


[Site "https://www.chess.com"]

[Event "Titled Tuesday Blitz May 31 Early 2022"]
[White "Hasangatin, Ramil"]
[Black "Pinheiro, Iung Alicio de O."]
[WhiteFideId "4122160"]
[BlackFideId "2104350"]
[WhiteElo "2399"]
[BlackElo "2283"]
[Result "1-0"]
[Round "03"]
[TimeControl "180+1"]
[Date "2022.06.01"]
[WhiteClock "0:00:06"]
[BlackClock "0:00:04"]

1. e4 c5 2. Nf3 Nc6 3. Bb5 e6 4. Bxc6 bxc6 5. O-O Ne7 6. Re1 Ng6 7. c3 Be7 8. d4 O-O 9. Be3 Qb6 10. Qb3 d5 11. Nbd2 Ba6 12. Qc2 Rac8 13. Nb3 cxd4 14. cxd4 Bc4 15. Nfd2 Bb5 16. Rec1 a5 17. Nc5 Rfd8 18. Qc3 Bxc5 19. Qxc5 Qb7 20. Qc3 a4 21. b3 h6 22. h3 Ne7 23. Qb4 Qa7 24. Rc5 dxe4 25. Nxe4 Nd5 26. Qa3 Ra8 27. b4 Qe7 28. Rac1 Nf6 29. Ng3 Rd5 30. Qc3 Rad8 31. Qc2 Qa7 32. Qb2 Qe7 33. a3 Qa7 34. R5c2 Qe7 35. Qc3 Qd6 36. Qe1 Qd7 37. Ne2 Rf5 38. Nc3 Bd3 39. Rd2 Bb5 40. Nxb5 cxb5 41. Rdc2 Nd5 42. Rc5 Rf6 43. Qe2 Rg6 44. Qf3 Kh7 45. Qe2 Rb8 46. Rc6 Rb7 47. R1c5 Qe8 48. Rc8 Qd7 49. Qf3 Qe7 50. R8c6 Qd7 51. Kh2 Qe7 52. Kh1 Qd7 53. Rc1 Qe7 54. R6c5 Qd7 55. Qe2 Qe8 56. Qd2 Qd7 57. Qd3 Qe8 58. h4 f5 59. g3 Rg4 60. Rxd5 exd5 61. Qxf5+ Qg6 62. Qxg6+ Rxg6 63. Rc5 Rd6 64. Kg2 Rdd7 65. h5 Kg8 66. Kf3 Kf7 67. Bf4 Ke6 68. Be5 Kf7 69. g4 g6 70. hxg6+ Kxg6 71. Rc6+ Kh7 72. Bf4 Rf7 73. Rxh6+ Kg7 74. Rc6 Rbe7 75. Kg3 Re4 76. Be5+ Kh7 77. g5 Kg8 78. Rh6 Kf8 79. g6 Rf5 80. g7+ Kf7 81. Rg6 Kg8 82. Rh6 Rfxe5 83. dxe5 Rxe5 84. Rg6 d4 85. Rd6 Re4 86. Kf3 Rh4 87. Rd7 d3 88. Ke3 1-0


[Site "https://www.chess.com"]

[Event "Titled Tuesday Blitz May 31 Early 2022"]
[White "Hua, Lefong"]
[Black "Kamsky, Gata"]
[WhiteFideId "2602253"]
[BlackFideId "2000024"]
[WhiteElo "2642"]
[BlackElo "2645"]
[Result "0-1"]
[Round "03"]
[TimeControl "180+1"]
[Date "2022.06.01"]
[WhiteClock "0:00:17"]
[BlackClock "0:00:20"]

1. d4 Nf6 2. c4 e6 3. Nc3 Bb4 4. f3 d5 5. a3 Bxc3+ 6. bxc3 c6 7. e4 b6 8. cxd5 cxd5 9. e5 Nfd7 10. f4 Ba6 11. Bd3 Bxd3 12. Qxd3 Qc8 13. Nf3 Qa6 14. Qxa6 Nxa6 15. a4 O-O 16. Kd2 Nab8 17. a5 bxa5 18. Ba3 Rc8 19. Kd3 Nb6 20. Nd2 N8d7 21. Bd6 a4 22. Rhb1 Rc6 23. Ra3 f6 24. Rb5 Kf7 25. Ra5 h5 26. g3 a6 27. Bc5 Nxc5+ 28. Rxc5 Rac8 29. Ra5 Kg6 30. Rxa6 Nc4 31. Rxc6 Rxc6 32. Nxc4 Rxc4 33. Ra1 Kf5 34. exf6 gxf6 35. h3 Rc8 36. Rxa4 Rg8 37. g4+ hxg4 38. hxg4+ Rxg4 39. c4 Rxf4 40. cxd5 exd5 41. Ke3 Re4+ 42. Kf3 Rh4 43. Rb4 Re4 44. Ra4 Kg5 45. Rb4 f5 46. Ra4 f4 47. Rb4 Kf5 48. Rb8 Rxd4 49. Rf8+ Ke5 50. Re8+ Kd6 51. Rc8 Rb4 52. Rd8+ Ke6 53. Re8+ Kd7 54. Re5 Kd6 55. Re8 Ra4 56. Rd8+ Ke6 57. Re8+ Kd7 58. Re5 Kc6 59. Re8 Kc5 60. Rc8+ Kd4 61. Kxf4 Ra1 62. Kf3 Re1 63. Kf2 Re5 64. Rc1 Kd3 65. Rd1+ Kc3 66. Rc1+ Kd2 67. Rc8 d4 68. Rd8 d3 69. Rc8 Kd1 70. Re8 Rxe8 0-1


[Site "https://www.chess.com"]

[Event "Titled Tuesday Blitz May 31 Early 2022"]
[White "Jaferian, Koosha"]
[Black "Niemann, Hans Moke"]
[WhiteFideId "12507440"]
[BlackFideId "2093596"]
[WhiteElo "2030"]
[BlackElo "2632"]
[Result "0-1"]
[Round "03"]
[TimeControl "180+1"]
[Date "2022.05.31"]
[WhiteClock "0:00:44"]
[BlackClock "0:01:34"]

1. Nf3 Nf6 2. b3 c5 3. Bb2 Nc6 4. e3 a6 5. c4 d6 6. d4 cxd4 7. Nxd4 Bg4 8. Be2 Bd7 9. O-O e6 10. Bf3 Be7 11. Nc3 Qc7 12. Rc1 Ne5 13. Be2 O-O 14. Nf3 Bc6 15. Nxe5 dxe5 16. g3 e4 17. Re1 Rad8 18. Qc2 Qa5 19. Bf1 Qf5 20. Bg2 Rd3 21. Ne2 e5 22. Rcd1 Ng4 23. Nc1 Rfd8 24. h3 Rxd1 25. Rxd1 Rxd1+ 26. Qxd1 Qxf2+ 27. Kh1 Qxg2+ 0-1


[Site "https://www.chess.com"]

[Event "Titled Tuesday Blitz May 31 Early 2022"]
[White "Jumabayev, Rinat"]
[Black "Le, Tuan Minh"]
[WhiteFideId "13702661"]
[BlackFideId "12401153"]
[WhiteElo "2561"]
[BlackElo "2450"]
[Result "0-1"]
[Round "03"]
[TimeControl "180+1"]
[Date "2022.05.31"]
[WhiteClock "0:00:09"]
[BlackClock "0:00:08"]

1. d4 d5 2. c4 c6 3. Nf3 Nf6 4. Qb3 dxc4 5. Qxc4 Bg4 6. Qb3 Qb6 7. Nbd2 Nbd7 8. Nc4 Qc7 9. g3 Bxf3 10. Qxf3 Nb6 11. Ne5 e6 12. Bd2 Rd8 13. e3 Bd6 14. Nd3 O-O 15. Bg2 e5 16. Nxe5 Bxe5 17. dxe5 Rxd2 18. exf6 Rfd8 19. fxg7 Qe5 20. O-O Rxb2 21. a4 Kxg7 22. a5 Nd5 23. Ra4 Nf6 24. Rf4 Rd5 25. a6 bxa6 26. Rc1 Rc5 27. Rxc5 Qxc5 28. Rxf6 Rb1+ 29. Bf1 Qc4 30. Rxf7+ Qxf7 31. Qxc6 Rb2 32. Qc3+ Qf6 33. Qc7+ Kh6 34. f4 Rb3 35. Kf2 Rb2+ 36. Kf3 Rb6 37. Bd3 Qc6+ 38. Qxc6+ Rxc6 39. e4 a5 40. e5 a4 41. Ke4 a3 42. Bb1 Rb6 43. Ba2 Rb2 44. Bd5 Rd2 45. Bc4 Rc2 46. Bb3 a2 47. Bxa2 Rxa2 48. f5 Kg7 0-1


[Site "https://www.chess.com"]

[Event "Titled Tuesday Blitz May 31 Early 2022"]
[White "Kalashian, David"]
[Black "Belenkaya, Dina"]
[WhiteFideId "13302418"]
[BlackFideId "24142654"]
[WhiteElo "2490"]
[BlackElo "2196"]
[Result "1/2-1/2"]
[Round "03"]
[TimeControl "180+1"]
[Date "2022.06.01"]
[WhiteClock "0:00:08"]
[BlackClock "0:00:10"]

1. d4 Nf6 2. c4 c5 3. Nf3 cxd4 4. Nxd4 e5 5. Nb5 d5 6. cxd5 Bb4+ 7. N5c3 O-O 8. Bg5 Qxd5 9. Bxf6 Qxd1+ 10. Kxd1 gxf6 11. Nd5 Rd8 12. e4 Nc6 13. Bc4 Be6 14. Nc3 Rac8 15. Bb3 Na5 16. Ke2 Nxb3 17. axb3 Bxc3 18. Nxc3 a6 19. Rhd1 Bxb3 20. Rxd8+ Rxd8 21. Rc1 Kg7 22. g4 h5 23. gxh5 Kh6 24. Rg1 Bc4+ 25. Ke1 Kxh5 26. Rg3 Kh6 27. Rf3 Kg7 28. h4 Rh8 29. Rh3 Be6 30. Rh2 b5 31. Kd2 Rb8 32. Ke3 a5 33. f4 b4 34. Na4 exf4+ 35. Kxf4 Rb5 36. Rg2+ Kh6 37. Rg3 f5 38. exf5 Rxf5+ 39. Ke4 Rb5 40. Kd4 Rd5+ 41. Ke4 Rh5 42. Rg8 Rxh4+ 43. Ke3 Rh3+ 44. Kd4 Rh5 45. Ra8 Kg6 46. Ra6 Rd5+ 47. Ke4 Rg5 48. Kd4 Kf6 49. Ra7 Rg4+ 50. Kc5 Rg5+ 51. Kd6 Rd5+ 52. Kc6 Ke5 53. Nc5 Rd6+ 54. Kc7 Rd1 55. Kb6 Rd2 56. Ra8 Kf4 57. Rxa5 b3 58. Rb5 Kg4 59. Nxb3 Rxb2 60. Nd4 Rxb5+ 61. Kxb5 Bd5 62. Kc5 Be4 63. Kd6 Kf4 64. Ke7 Bg6 65. Kf6 Ke4 66. Nc6 Kd5 67. Nd8 Kd6 68. Nxf7+ 1/2-1/2


[Site "https://www.chess.com"]

[Event "Titled Tuesday Blitz May 31 Early 2022"]
[White "Keymer, Vincent"]
[Black "Chen, Qi b"]
[WhiteFideId "12940690"]
[BlackFideId "8614733"]
[WhiteElo "2548"]
[BlackElo "2432"]
[Result "1-0"]
[Round "03"]
[TimeControl "180+1"]
[Date "2022.05.31"]
[WhiteClock "0:00:20"]
[BlackClock "0:00:02"]

1. Nf3 Nf6 2. c4 e6 3. Nc3 d5 4. e3 b6 5. cxd5 exd5 6. g3 Bb7 7. Bg2 Nbd7 8. O-O Bd6 9. b3 O-O 10. Bb2 a6 11. Rc1 Re8 12. Re1 Qe7 13. Nh4 g6 14. Ne2 c5 15. d4 Ne4 16. Nf4 Ndf6 17. Rc2 Rac8 18. dxc5 Bxc5 19. Qd3 Rcd8 20. Bd4 Ng4 21. Nf3 h5 22. h3 Nh6 23. Bb2 Nf5 24. Nd4 Nxd4 25. Bxd4 a5 26. Rec1 Qd7 27. Bb2 Kh7 28. Rd1 h4 29. gxh4 Qf5 30. Bd4 Rc8 31. Rcc1 Ba3 32. Rxc8 Rxc8 33. Qe2 Nc3 34. Bxc3 Rxc3 35. Nxd5 Rc2 36. Qf3 Qxf3 37. Bxf3 Bxd5 38. Rxd5 Rxa2 39. Rd7 1-0


[Site "https://www.chess.com"]

[Event "Titled Tuesday Blitz May 31 Early 2022"]
[White "Koellner, Ruben Gideon"]
[Black "Indjic, Aleksandar"]
[WhiteFideId "12993093"]
[BlackFideId "911925"]
[WhiteElo "2541"]
[BlackElo "2616"]
[Result "1-0"]
[Round "03"]
[TimeControl "180+1"]
[Date "2022.06.01"]
[WhiteClock "0:00:12"]
[BlackClock "0:00:02"]

1. d4 Nf6 2. Bg5 e6 3. Nd2 h6 4. Bh4 c5 5. e4 g5 6. Bg3 cxd4 7. e5 Nd5 8. h4 Rg8 9. hxg5 hxg5 10. Rh7 Nc6 11. Qh5 Rg7 12. Rxg7 Bxg7 13. Ngf3 Qe7 14. O-O-O Kd8 15. Nxg5 Kc7 16. Nxf7 a6 17. Bc4 Nc3 18. Re1 b5 19. Bb3 Bb7 20. Nd6 Rh8 21. Qf3 Na4 22. Bxa4 bxa4 23. Nxb7 Kxb7 24. Nc4 Kc7 25. Qa3 Qxa3 26. Nxa3 Rh5 27. Nc4 Bh6+ 28. Kd1 Nb4 29. a3 Nd5 30. Re4 d3 31. cxd3 Rh1+ 32. Re1 Rh5 33. Kc2 Kc6 34. Re4 Kc5 35. Rh4 Rxh4 36. Bxh4 Kd4 37. Bg3 Bf4 38. Bxf4 Nxf4 39. g3 Nxd3 40. Nb6 Nxe5 41. f4 1-0


[Site "https://www.chess.com"]

[Event "Titled Tuesday Blitz May 31 Early 2022"]
[White "Kovalev, Vladislav"]
[Black "Andreikin, Dmitry"]
[WhiteFideId "13504398"]
[BlackFideId "4158814"]
[WhiteElo "2530"]
[BlackElo "2736"]
[Result "0-1"]
[Round "03"]
[TimeControl "180+1"]
[Date "2022.05.31"]
[WhiteClock "0:00:03"]
[BlackClock "0:00:58"]

1. e4 c5 2. Nf3 e6 3. Nc3 a6 4. d4 cxd4 5. Nxd4 Qc7 6. g3 Nc6 7. Bg2 Nf6 8. O-O Nxd4 9. Qxd4 Bc5 10. Qd3 d6 11. Bg5 Bd7 12. Rad1 Ng4 13. h3 Ne5 14. Qe2 b5 15. a3 Rb8 16. Kh2 O-O 17. Na2 Rfc8 18. c3 a5 19. f4 Nc4 20. f5 exf5 21. exf5 Re8 22. Qh5 Bc6 23. Bxc6 Qxc6 24. Nc1 Nxb2 25. Rd2 Nc4 26. Rg2 d5 27. f6 g6 28. Qh4 Ne3 29. Bxe3 Bxe3 30. Nd3 Re4 31. Nf4 Rbe8 32. Qg4 Qxf6 33. Rd1 Bxf4 34. gxf4 Rxf4 35. Qg3 Rf3 0-1


[Site "https://www.chess.com"]